 Dungeon Crawl Stone Soup version 0.26-a0-1020-ge47f559bc5 (webtiles) character file.

Game seed: 17457705650610688837

105 Froggeryz the Grave Robber (level 4, 0/30 HPs)
             Began as a Mummy Necromancer on Dec 8, 2020.
             Slain by an ufetubus (2 damage)
             ... on level 2 of the Dungeon.
             The game lasted 00:05:32 (2142 turns).

Froggeryz the Grave Robber (Mummy Necromancer)      Turns: 2142, Time: 00:05:33

Health: 0/30       AC:  2    Str: 11    XL:     4   Next: 53%
Magic:  10/10      EV: 12    Int: 21    God:
Gold:   137        SH:  0    Dex: 12    Spells: 10/11 levels left

rFire    x . .     SeeInvis .   (no weapon)
rCold    + . .     Faith    .   (no shield)
rNeg     + + +     Spirit   .   a - +0 robe
rPois    ∞         Reflect  .   (no helmet)
rElec    .         Harm     .   (no cloak)
rCorr    .         Rampage  .   (no gloves)
Will     .....                  (no boots)
Stlth    ++........             (no amulet)
HPRegen  0.10/turn              i - +6 ring of intelligence
MPRegen  0.12/turn              (no ring)

@: no status effects
A: no potions, fire vulnerability, cold resistance 1, negative energy resistance
3, torment resistance, unbreathing
a: no special abilities


You were on level 2 of the Dungeon.
You visited 1 branch of the dungeon, and saw 3 of its levels.

You collected 137 gold pieces.

Inventory:

Missiles
 d - 10 poisoned darts
Armour
 a - a +0 robe (worn)
 b - a +0 buckler
Jewellery
 i - a +6 ring of intelligence (left hand)
Scrolls
 c - a scroll of identify
 g - a scroll of amnesia


   Skills:
 - Level 1.5 Dodging
 - Level 1.5 Stealth
 - Level 4.0 Spellcasting
 * Level 5.4 Necromancy


You had 10 spell levels left.
You knew the following spells:

 Your Spells              Type           Power        Failure   Level
a - Pain                  Necr           ####         1%          1

Your spell library contained the following spells:

 Spells                   Type           Power        Failure   Level
 Animate Skeleton         Necr           ####..       1%          1
 Vampiric Draining        Necr           ####......   3%          3
 Animate Dead             Necr           ####......   13%         4
 Agony                    Necr           ####....     34%         5


Dungeon Overview and Level Annotations

Branches:
Dungeon (3/15)

Altars:


Innate Abilities, Weirdness & Mutations

You do not drink.
Your flesh is vulnerable to fire.
You are immune to poison.
Your flesh is cold resistant. (rC+)
You are immune to negative energy. (rN+++)
You are immune to unholy pain and torment.
You can survive without breathing.


Message History

Casting: Pain (safe; 1% risk of failure)
Confirm with . or Enter, or press ? or * to list all spells.
You can't see any susceptible monsters within range! (Use Z to cast anyway.)
You can't drink.
You aren't carrying any items that you can evoke.
Okay, then.
The ufetubus closely misses you. The ufetubus hits you.
* * * LOW HITPOINT WARNING * * *
You climb downwards.
There is a stone staircase leading up here.
The ufetubus closely misses you. The ufetubus hits you.
* * * LOW HITPOINT WARNING * * *
The ufetubus closely misses you. The ufetubus hits you.
* * * LOW HITPOINT WARNING * * *
The ufetubus hits you.
* * * LOW HITPOINT WARNING * * *
The ufetubus barely misses you.
The ufetubus hits you but does no damage.
The ufetubus hits you.
You die...

............##.#........!.......#
..#########.##.#.##########......
..# #.##.#.## #..##.# ..#
#.....#.### #..##.# ###
##........#######..##.#
#...##.##.##...........
#...##.##.##.##.##..#.#
#...).....##.##.##.....
#.#.##@#..##.#.......#. #####
##.#.##5#..##.#..#......
#.(.######............§)§.§...#.#
#...............##.!##§#§§#.###..
#...######...##.##..##.#§§##...#)
##.## ##.###.##..##.#§§######.
#.# #.....##..##.#§§....... #.#
####..##..##.#.#######. ##.#
#..##..##.#.........


You could see an ufetubus.

Vanquished Creatures
  A worker ant (D:2)
  4 adders (D:2)
  An ooze (D:2)
  A worm (D:2)
  A dart slug (D:1)
  A leopard gecko (D:1)
  4 giant cockroaches
  8 goblins
  3 hobgoblins
  4 kobolds
  2 bats (D:1)
  3 frilled lizards (D:1)
  6 rats
39 creatures vanquished.

Vanquished Creatures (collateral kills)
  A rat (D:2)
1 creature vanquished.

Grand Total: 40 creatures vanquished

Notes
Turn   | Place    | Note
-------+----------+-------------------------------------------
     0 | D:1      | Froggeryz the Mummy Necromancer began the quest for the
                  | Orb.
     0 | D:1      | Reached XP level 1. HP: 13/13 MP: 4/4
   245 | D:1      | Reached XP level 2. HP: 19/19 MP: 1/6
   555 | D:1      | Learned a level 1 spell: Animate Skeleton
  1021 | D:2      | Reached XP level 3. HP: 24/24 MP: 4/7
  1289 | D:2      | Reached skill level 5 in Necromancy
  1494 | D:2      | Reached XP level 4. HP: 26/30 MP: 3/9
  2142 | D:2      | Slain by an ufetubus

Illustrated notes

Levels and vault maps discovered:
D:1:      sevenhm_arrival_forest_fort_small_3, layout_basic, minmay_3d_cube
D:2:      layout_loops_ring, minmay_close_crescents
D:3:      layout_loops_cross, minmay_stone_trees_small,
          minmay_misc_feat_enclosed

Skill      XL: |  1  2  3  4 |
---------------+-------------+-----
Spellcasting   | 3 4 |  4.0
Necromancy     | 5 |  5.4
Dodging        | |  1.5
Stealth        | |  1.5

Action                   |  1- 3 |  4- 6 || total
-------------------------+-------+-------++-------
Melee: Unarmed           |    23 |    11 ||    34
 Cast: Pain              |    64 |    16 ||    80
       Animate Skeleton  |     9 |     3 ||    12
  Use: Scroll            |     2 |     4 ||     6
Armor: Robe              |     9 |     4 ||    13
Dodge: Dodged            |    31 |    50 ||    81

Table legend: (Time is in decaauts)
 A = Elapsed time spent in this place.
 B = Non-inter-level travel time spent in this place.
 C = Inter-level travel time spent in this place.
 D = Time resting spent in this place.
 E = Time spent auto-exploring this place.
 F = Levels seen in this place.
 G = Mean time per level.
                   A        B        C        D        E       F      G
               +--------+--------+--------+--------+--------+-----+--------+
         Total |   2143 |   2108 |     35 |    494 |   1216 |   3 |  714.3 |
       Dungeon |   2143 |   2108 |     35 |    494 |   1216 |   3 |  714.3 |
               +--------+--------+--------+--------+--------+-----+--------+

Top non-repeatable levels by time:
     D:1: 1086 daAuts
     D:2: 928 daAuts
     D:3: 128 daAuts
